Map: Zen LE

Players

lllllllllll (sOs)

  • Race: Protoss Protoss
  • League: Grandmaster
  • Spawn Location: 7:00

RiSky - Winner!

  • Race: Zerg Zerg
  • Spawn Location: 1:00

VOD

Have the link to the VOD?

Description

Time

  • Played on: Jan. 15, 2020, 5:19 a.m.
  • Length: 4:00
Show
View Real Time Build Order
Export as new Build Order

lllllllllll Protoss 

Build Orders: 1 Gate Expand 

Get SALT Encoding   

  12  0:00  Probe  
  13  0:12  Probe  
  14  0:18  Pylon  
  14  0:25  Probe (Chrono Boost)  
  15  0:37  Probe (Chrono Boost)  
  15  0:38  Gateway  
  16  0:45  Probe (Chrono Boost)  
  16  0:49  Assimilator  
  17  0:52  Probe  
  18  1:04  Probe  
  19  1:17  Probe  
  20  1:25  Cybernetics Core  
  20  1:36  Nexus  
  20  1:39  Probe  
  21  1:45  Pylon  
  21  1:51  Probe  
  22  1:55  Assimilator  
  22  2:00  Adept (Chrono Boost)  
  22  2:07  Probe  
  25  2:19  Probe  
  26  2:23  Adept  
  28  2:31  Probe  
  29  2:41  Pylon  
  30  2:44  Probe (Chrono Boost)  
  30  2:51  Gateway x2  
  29  2:53  Probe (Chrono Boost)  
  30  2:59  Stalker  
  30  3:02  Probe (Chrono Boost)  
  30  3:05  Probe (Chrono Boost)  
  34  3:09  Probe  
  35  3:14  Probe, Pylon  
  36  3:21  Probe  
  36  3:26  Probe  
  38  3:33  Gateway  
  37  3:42  Gateway  
  37  3:43  Pylon  
  37  3:48  Pylon  
Show
View Real Time Build Order
Export as new Build Order

RiSky Zerg - Winner!

Build Orders: Hatch First 

Get SALT Encoding   

  12  0:00  Drone  
  13  0:12  Overlord  
  13  0:17  Drone  
  14  0:30  Drone x2  
  16  0:44  Drone x2  
  18  0:55  Hatchery  
  17  0:58  Extractor  
  16  1:11  Spawning Pool  
  15  1:15  Drone  
  16  1:19  Drone  
  16  1:22  Drone  
  18  1:32  Drone  
  19  1:40  Overlord  
  19  1:54  Drone  
  20  1:58  Queen  
  20  2:00  Zergling x2  
  23  2:01  Metabolic Boost  
  23  2:11  Queen  
  23  2:15  Zergling x2  
  26  2:17  Zergling x2  
  26  2:20  Zergling x2  
  28  2:24  Zergling x2  
  28  2:29  Zergling x2  
  30  2:36  Zergling x2  
  31  2:44  Zergling x4, Baneling Nest  
  31  2:51  Zergling x2  
  31  2:55  Overlord  
  32  3:03  Zergling x2  
  33  3:07  Zergling x2  
  33  3:11  Zergling x4  
  36  3:14  Zergling x4  
  38  3:22  Zergling x2  
  38  3:23  Zergling x6  
  41  3:31  Zergling x4  
  43  3:39  Zergling x2  
Tags
 
Add a new tag
Caveats
  • Supply blocks, unpowered buildings, or Contaminate may cause inaccurate times.
  • Supply counts are checked every 10 seconds.